AoeStats
← enanone

Four Lakes

508073664Analyzed
1v1 RM · 11d ago on Sep 20, 2026· 18m 38s· 2 players
Game mode
Random Map
Map size
Tiny (2 player)
Population
200
Speed
Normal
Resources
Standard
Victory
Conquest
Starting age
Dark Age
Ending age
Imperial Age
RankedLock teamsTeams togetherTeam positionsShared explorationLock speedFull tech treeHidden civsTurbo modeCheats
Victory
Defeat
🇪🇸 Japanese · Spain
1360
+15
🇫🇷 Mongols · France
1336
-15
guillaumegbzh
9:48 Feudal Age
8:21 Loom
10:40 Double-Bit Axe
17:45 Castle Age
16:46 Bloodlines
16:43 Scale Barding Armor
16:40 Fishing Lines
16:52 Fletching
enanone
6:58 Loom
9:42 Feudal Age
11:13 Double-Bit Axe
13:43 Wheelbarrow
16:57 Castle Age
15:27 Gold Mining
15:53 Fishing Lines
17:21 Fletching
17:01 Crossbowman
18:53 Gillnets
Connection lost

Rejoining the realm…

Still unreachable

The connection could not be restored.

Session expired

The server has moved on; the page needs a fresh start.